 Dungeon Sprint DCSS version 0.19-a0-1608-g4cf22de (webtiles) character file.

20628 poirepourri the Ninja (level 12, -13/78 (81) HPs)
             Began as a Spriggan Enchanter on Sept 17, 2016.
             Was the Champion of Dithmenos.
             Splashed by an oklob plant's acid (18 damage)
             ... in the Dungeon (Sprint I: "Red Sonja").
             The game lasted 00:11:42 (3440 turns).

poirepourri the Ninja (Spriggan Enchanter)          Turns: 3440, Time: 00:11:43

HP:   -13/78 (81)   AC:  0    Str:  9    XL:     12   Next: 47%
MP:   26/33         EV: 31    Int: 16    God:    Dithmenos [******]
Gold: 9             SH:  0    Dex: 20    Spells: 5 memorised, 32 levels left

rFire  + + +     SeeInvis +     A - +3 rapier (venom)
rCold  . . .     Gourm    .     s - +1 robe {rF+}
rNeg   . . .     Faith    .     (shield restricted)
rPois  .         Spirit   .     (helmet restricted)
rElec  .         Dismiss  .     r - +0 cloak
rCorr  .         Reflect  .     (gloves unavailable)
MR     ++...     Harm     .     (boots unavailable)
Stlth  .......... Rnd*Rage +    (no amulet) NoTele +
                                y - ring of protection from fire
                                z - ring of protection from fire

@: berserking, corroded, wreathed by umbra, very quick
A: unfitting armour, see invisible, berserk 1, clumsy 1, herbivore 3, speed 3,
slow metabolism 2, subdued magic 1
a: Shadow Step, Shadow Form, Renounce Religion


You were in the Dungeon.
You worshipped Dithmenos.
Dithmenos was exalted by your worship.
You were full.

You visited 1 branch You collected 1600 gold pieces.
You spent 1591 gold pieces at shops.

Inventory:

Hand Weapons
 o - a +0 blowgun
 p - a +0 dagger of venom
 A - a +3 rapier of venom (weapon)
Missiles
 q - 5 curare-tipped needles
Armour
 b - a +2 robe
 k - a +1 cloak of poison resistance
 l - a +0 robe of the Archmagi
 r - a +0 cloak (worn)
 s - a +1 robe of fire resistance (worn)
 u - the +0 robe of You Go First {rN+ rCorr Slay-4 Stlth+}
   (You bought it in a shop in the Dungeon)

   It affects your accuracy and damage with ranged weapons and melee attacks
   (-4).
   It protects you from negative energy.
   It protects you from acid and corrosion.
   It makes you more stealthy.
Jewellery
 y - a ring of protection from fire (right hand)
 z - a ring of protection from fire (left hand)
Wands
 i - a wand of slowing (29/48)
 m - a wand of iceblast (15/15)
 x - a wand of paralysis (17/24)
Scrolls
 j - a scroll of blinking
 t - 3 scrolls of remove curse
Potions
 e - 3 potions of curing
 f - 3 potions of heal wounds
 g - a potion of haste
 h - a potion of magic
 n - a potion of berserk rage
 v - a potion of lignification {unknown}
 w - a potion of resistance
Books
 c - a book of Maledictions

   Spells                             Type                      Level
   a - Corona                         Hexes                        1
   b - Ensorcelled Hibernation        Hexes/Ice                    2
   c - Confuse                        Hexes                        3
   d - Tukima's Dance                 Hexes                        3
   e - Dazzling Spray                 Conjuration/Hexes            3
Comestibles
 d - a bread ration


   Skills:
 + Level 2.2 Fighting
 + Level 10.3 Short Blades
 + Level 14.1 Dodging
 O Level 27 Stealth
 + Level 16.6 Spellcasting
 + Level 1.9 Conjurations
 + Level 17.3 Hexes
 - Level 1.3 Ice Magic
 + Level 5.5 Invocations


You had 32 spell levels left.
You knew the following spells:

 Your Spells              Type           Power        Failure   Level  Hunger
a - Corona                Hex            ######.      0%          1    None
b - Ensorcelled Hibernat  Hex/Ice        ####..       1%          2    None
c - Confuse               Hex            ######..     0%          3    None
d - Tukima's Dance        Hex            ######..     0%          3    None
e - Dazzling Spray        Conj/Hex       ####..       1%          3    None


Dungeon Overview and Level Annotations

Branches:
Dungeon (1/1)

Altars:
Cheibriados
Dithmenos
Elyvilon
Fedhas
Gozag
Hepliaklqana
Kikubaaqudgha
Makhleb
Nemelex Xobeh
Okawaru
Qazlal
Ru
Sif Muna
Trog
Uskayaw
Vehumet
Xom
Yredelemnul
Zin
The Shining One
Jiyva
Lugonu

Shops:
D !:[[=%:}(![([[:=*:[[%

Annotations:
D exclusion: oklob plant


Innate Abilities, Weirdness & Mutations

You are tiny and cannot use many weapons and most armour.
You have supernaturally acute eyesight. (SInv)
You are a herbivore.
You cover ground extremely quickly.
You need consume almost no food.
You tend to lose your temper in combat.
You are clumsy. (Dex -2)
Your spells are a little easier to cast, but a little less powerful.


Message History

The deep elf annihilator shouts!
The deep elf annihilator gestures wildly while chanting.
The deep elf annihilator blinks!
The mummy priest calls on the powers of darkness!
The siren convulses!
The deep elf annihilator convulses!
Your body is wracked with pain!
You emit a cloud of dark smoke.
You puncture the siren!
The siren is poisoned.
The siren is severely wounded.
Your shadow hits the siren but does no damage.
The siren hits you with a spear!
You closely miss the siren.
The siren is severely wounded.
The deep elf annihilator hits you with a long sword of holy wrath!!
* * * LOW HITPOINT WARNING * * *
You emit a cloud of dark smoke.
The oklob plant spits acid at you. The splash of acid hits you!
* * * LOW HITPOINT WARNING * * *
The acid corrodes you!
The acid burns!
You die...

###
#.##...#..##§§§$#
#..###.#..≈###+##
§ ##.#A#.#..≈.|#
§. #..###.#.)≈§##
†.# #.##...#..4##
.## #..#'###..≈#
§# ##...#P≈..##
###.#M§me#
#.###@§# #.# +§§#
####'# ##'# ###
###....# ≈≈≈
(.#####...####
#≈≈≈≈ ........###
#≈≈≈≈≈ ....#####
##≈≈≈≈# ...##
#'≈≈≈' ..##
$##≈≈#≈


You could see a deep elf annihilator, a mummy priest, an oklob plant, a hellwing
and a siren.

Vanquished Creatures
  3 fire giants (D)
  A hydra (D)
  2 centaur warriors (D)
  Sonja (D)
  7 unseen horrors (D)
  A deep troll (D)
  A lindwurm (D)
  8 shining eyes (D)
  An oklob plant (D)
  A siren (D)
  A gargoyle (D)
  4 demonic crawlers (D)
  2 kobold demonologists (D)
  A slime creature (D)
  Sigmund (D)
  2 redbacks (D)
  A yak (D)
  13 hogs (D)
  7 floating eyes (D)
  7 necrophages (D)
  An ogre (D)
  2 wasps (D)
  8 jellies (D)
  Ijyb (D)
  A ballistomycete (D)
  A ballistomycete spore (D)
79 creatures vanquished.

Vanquished Creatures (others)
  A gargoyle (D)
  3 wasps (D)
  A ballistomycete spore (D)
5 creatures vanquished.

Grand Total: 84 creatures vanquished

Notes
Turn   | Place    | Note
-------+----------+-------------------------------------------
     0 | D        | poirepourri the Spriggan Enchanter began the quest for the Orb.
     0 | D        | Reached XP level 1. HP: 9/9 MP: 5/5
     3 | D        | Noticed Ijyb
    16 | D        | Killed Ijyb
    16 | D        | Reached skill level 5 in Dodging
    16 | D        | Reached skill level 8 in Stealth
    16 | D        | Reached XP level 2. HP: 13/13 MP: 3/6
    71 | D        | Learned a level 2 spell: Ensorcelled Hibernation
   189 | D        | Noticed an ogre
   191 | D        | Killed an ogre
   191 | D        | Reached skill level 12 in Stealth
   191 | D        | Reached XP level 3. HP: 16/16 MP: 8/8
   191 | D        | Reached XP level 4. HP: 21/21 MP: 9/9
   202 | D        | Noticed Sigmund
   205 | D        | Killed Sigmund
   205 | D        | Reached skill level 15 in Stealth
   205 | D        | Reached XP level 5. HP: 24/24 MP: 10/10
   205 | D        | Reached XP level 6. HP: 28/28 MP: 11/11
   218 | D        | Found a deep blue altar of Sif Muna.
   220 | D        | Found a radiant altar of Vehumet.
   262 | D        | Learned a level 3 spell: Confuse
   266 | D        | Learned a level 3 spell: Tukima's Dance
   269 | D        | Found Dafen's Armour Emporium.
   269 | D        | Found an ancient bone altar of Kikubaaqudgha.
   269 | D        | Found a hazy altar of Hepliaklqana.
   269 | D        | Found a stormy altar of Qazlal.
   269 | D        | Found a hide-covered altar of Uskayaw.
   269 | D        | Found a blossoming altar of Fedhas.
   269 | D        | Found a bloodstained altar of Trog.
   269 | D        | Found an iron altar of Okawaru.
   269 | D        | Found a basalt altar of Yredelemnul.
   269 | D        | Found a glowing golden altar of the Shining One.
   269 | D        | Found a snail-covered altar of Cheibriados.
   269 | D        | Found a sacrificial altar of Ru.
   269 | D        | Found a glowing silver altar of Zin.
   269 | D        | Found a shadowy altar of Dithmenos.
   269 | D        | Found a white marble altar of Elyvilon.
   269 | D        | Noticed a yak
   270 | D        | Found an opulent altar of Gozag.
   271 | D        | Killed a yak
   271 | D        | Reached skill level 10 in Dodging
   271 | D        | Reached skill level 17 in Stealth
   272 | D        | Found a sparkling altar of Nemelex Xobeh.
   280 | D        | Became a worshipper of Dithmenos the Shadowed
   285 | D        | Bought a +0 robe of the Archmagi for 277 gold pieces
   305 | D        | Noticed Sonja
   309 | D        | Killed Sonja
   309 | D        | Reached skill level 5 in Short Blades
   309 | D        | Reached skill level 19 in Stealth
   309 | D        | Reached skill level 5 in Spellcasting
   309 | D        | Reached XP level 7. HP: 32/32 MP: 11/15
   309 | D        | Reached XP level 8. HP: 36/36 MP: 11/16
   328 | D        | Learned a level 3 spell: Dazzling Spray
   346 | D        | Noticed a deep troll
   350 | D        | Killed a deep troll
   350 | D        | Reached skill level 20 in Stealth
   362 | D        | Found Mumaumut's Armour Emporium.
   372 | D        | Bought a +1 robe of fire resistance for 139 gold pieces
   417 | D        | Noticed a centaur warrior
   418 | D        | Noticed a centaur warrior
   420 | D        | Killed a centaur warrior
   420 | D        | Reached * piety under Dithmenos
   420 | D        | Reached skill level 21 in Stealth
   420 | D        | Reached skill level 10 in Hexes
   420 | D        | Reached XP level 9. HP: 39/39 MP: 18/21
   422 | D        | Killed a centaur warrior
   460 | D        | Noticed an oklob plant
   462 | D        | Killed an oklob plant
   462 | D        | Reached ** piety under Dithmenos
   462 | D        | Reached skill level 22 in Stealth
   492 | D        | Noticed an unseen horror
   493 | D        | Noticed an unseen horror
   497 | D        | Killed an unseen horror
   497 | D        | Reached skill level 23 in Stealth
   497 | D        | Reached XP level 10. HP: 44/44 MP: 20/24
   502 | D        | Killed an unseen horror
   502 | D        | Reached *** piety under Dithmenos
   526 | D        | Reached **** piety under Dithmenos
   527 | D        | Killed a gargoyle
   557 | D        | Reached skill level 24 in Stealth
   559 | D        | Reached ***** piety under Dithmenos
   797 | D        | Found Zupt's Book Boutique.
   797 | D        | Found Voholulu's Gadget Shoppe.
   798 | D        | Found Unyfuace's Antique Weapon Boutique.
   798 | D        | Found Tiaraemi's Antique Armour Emporium.
   799 | D        | Found Ehios's Food Emporium.
   838 | D        | Found Qodox's Book Shop.
   843 | D        | Paralysed by a floating eye for 2 turns
   855 | D        | Found Oveups's Distillery.
   855 | D        | Found Onuocoov's Armour Shop.
   855 | D        | Found Qoanuet's Antique Weapon Shoppe.
   855 | D        | Found Zoampum's Armour Boutique.
   855 | D        | Found Jureide's Armour Emporium.
   855 | D        | Found Ucono's Book Shop.
   855 | D        | Found Kiroagosy's Jewellery Shoppe.
   859 | D        | Found Zeutzaeb's General Store.
   860 | D        | Bought a potion of heal wounds for 50 gold pieces
   860 | D        | Bought a potion of heal wounds for 50 gold pieces
   861 | D        | Bought the +0 robe of You Go First {rN+ rCorr Slay-4 Stlth+} for 42 gold pieces
   920 | D        | Found a burning altar of Makhleb.
   920 | D        | Found a viscous altar of Jiyva.
   920 | D        | Found a shimmering altar of Xom.
   920 | D        | Found a corrupted altar of Lugonu.
   939 | D        | Reached skill level 10 in Spellcasting
   940 | D        | Reached ****** piety under Dithmenos
   940 | D        | Reached skill level 1 in Ice Magic
   947 | D        | Reached skill level 25 in Stealth
  1092 | D        | Noticed a gargoyle
  1099 | D        | Killed a gargoyle
  1224 | D        | Noticed a lindwurm
  1227 | D        | Killed a lindwurm
  1227 | D        | Reached skill level 26 in Stealth
  1227 | D        | Reached XP level 11. HP: 45/45 MP: 27/27
  1439 | D        | Noticed a 12-headed hydra
  1441 | D        | Killed a 12-headed hydra
  1441 | D        | Reached skill level 27 in Stealth
  1927 | D        | Noticed a daeva
  1930 | D        | Noticed an unseen horror
  1930 | D        | Noticed an unseen horror
  1930 | D        | Noticed an unseen horror
  1931 | D        | Noticed an unseen horror
  1933 | D        | Killed an unseen horror
  1934 | D        | Noticed an unseen horror
  1935 | D        | Killed an unseen horror
  1935 | D        | Reached skill level 1 in Fighting
  1935 | D        | Reached skill level 15 in Hexes
  1936 | D        | Killed an unseen horror
  1938 | D        | Killed an unseen horror
  1940 | D        | Killed an unseen horror
  2168 | D        | Noticed a fire giant
  2320 | D        | Killed a fire giant
  2320 | D        | Reached skill level 1 in Invocations
  2455 | D        | Found Doohij's Distillery.
  2463 | D        | Bought a potion of resistance for 100 gold pieces
  2572 | D        | Bought an uncursed ring of protection from fire for 325 gold pieces
  2572 | D        | Bought an uncursed ring of protection from fire for 325 gold pieces
  2596 | D        | Bought a +3 rapier of venom for 283 gold pieces
  2712 | D        | Noticed a shining eye
  2712 | D        | Noticed a shining eye
  2712 | D        | Noticed a shining eye
  2713 | D        | Noticed a shining eye
  2713 | D        | Noticed a shining eye
  2713 | D        | Noticed a shining eye
  2713 | D        | Noticed a shining eye
  2714 | D        | Killed a shining eye
  2715 | D        | Noticed a shining eye
  2716 | D        | Killed a shining eye
  2716 | D        | Reached skill level 15 in Spellcasting
  2717 | D        | Killed a shining eye
  2717 | D        | Reached XP level 12. HP: 51/51 MP: 22/32
  2721 | D        | Reached skill level 1 in Conjurations
  2726 | D        | Paralysed by a floating eye for 2 turns
  2733 | D        | Gained mutation: You tend to lose your temper in combat. [a shining eye]
  2735 | D        | Paralysed by a floating eye for 2 turns
  2738 | D        | Gained mutation: You are clumsy. (Dex -2) [a shining eye]
  2740 | D        | Gained mutation: Your spells are a little easier to cast, but a little less powerful. [a shining eye]
  2750 | D        | Paralysed by a floating eye for 4 turns
  2911 | D        | Found Taisanlajeo's Jewellery Shop.
  2911 | D        | Found Paumpyix's Book Shoppe.
  2911 | D        | Found Nucram's Food Boutique.
  2911 | D        | Found Pebb's Armour Emporium.
  2969 | D        | Noticed a fire giant
  3204 | D        | Noticed a fire giant
  3206 | D        | Killed a fire giant
  3299 | D        | Killed a fire giant
  3299 | D        | Reached skill level 10 in Short Blades
  3299 | D        | Reached skill level 5 in Invocations
  3433 | D        | Noticed a deep elf annihilator
  3434 | D        | Noticed a mummy priest
  3440 | D        | Splashed by an oklob plant's acid

Vault maps used:
D:        dungeon_sprint_1

Skill      XL: |  1  2  3  4  5  6  7  8  9 10 11 12 |
---------------+-------------------------------------+-----
Dodging        | 5 7 9 11 12 13 14 | 14.1
Stealth        | 8 12 15 19 21 23 26 27 | 27.0
Short Blades   | 2 4 5 6 8 10 | 10.3
Spellcasting   | 5 7 9 11 15 16 | 16.6
Hexes          | 7 10 12 13 16 17 | 17.3
Ice Magic      | 1 |  1.3
Fighting       | 1 2 |  2.2
Invocations    | 2 5 |  5.5
Conjurations   | 1 |  1.9

Action                   |  1- 3 |  4- 6 |  7- 9 | 10-12 || total
-------------------------+-------+-------+-------+-------++-------
Melee: Dagger            |     7 |     4 |     8 |    86 ||   105
       Rapier            |       |       |       |    29 ||    29
 Cast: Corona            |     2 |       |       |       ||     2
       Ensorcelled Hiber |       |       |     2 |    27 ||    29
       Confuse           |       |       |       |     9 ||     9
       Dazzling Spray    |       |       |       |    10 ||    10
Invok: Shadow Step       |       |       |       |     9 ||     9
       Shadow Form       |       |       |       |     1 ||     1
  Use: Potion            |     1 |       |       |     1 ||     2
       Scroll            |       |     1 |     3 |     2 ||     6
 Stab: Sleeping          |     1 |     4 |     8 |    50 ||    63
       Confused          |       |       |       |     7 ||     7
  Eat: Bread ration      |       |       |       |     1 ||     1
Armor: Robe              |       |       |       |     3 ||     3
Dodge: Dodged            |     5 |       |     1 |    40 ||    46
